 Dungeon Crawl Stone Soup version 0.20-a0-1018-ge435b50 (webtiles) character file.

1542 kuniqs the Cutter (level 9, -3/55 HPs)
             Began as a Kobold Fighter on Apr 17, 2017.
             Was an Initiate of Wu Jian.
             Slain by a wight
             ... wielding a +2 halberd
              (9 damage)
             ... on level 6 of the Dungeon.
             The game lasted 00:11:18 (7313 turns).

kuniqs the Cutter (Kobold Fighter)                  Turns: 7313, Time: 00:11:19

Health: -3/55      AC:  7    Str: 13    XL:     9   Next: 11%
Magic:  9/9        EV: 11    Int:  9    God:    Wu Jian [......]
Gold:   229        SH:  9    Dex: 18    Spells: 8/8 levels left

rFire    . . .     SeeInvis +   a - +0 rapier
rCold    + . .     Gourm    .   c - +0 shield
rNeg     . . .     Faith    .   b - +0 scale mail
rPois    .         Spirit   .   (no helmet)
rElec    .         Reflect  .   t - scarf {rC+}
rCorr    .         Harm     .   (no gloves)
MR       .....                  i - +0 pair of boots
Stlth    ..........             (no amulet)
Regen    0.2/turn               h - ring of wizardry
MPRegen  0.2/turn               x - ring of see invisible

@: heavily drained
A: carnivore 3
a: Renounce Religion


You were on level 6 of the Dungeon.
You worshipped Wu Jian.
Wu Jian was noncommittal.
You were very full.

You visited 2 branches of the dungeon, and saw 7 of its levels.

You collected 229 gold pieces.

Inventory:

Hand Weapons
 a - a +0 rapier (weapon)
 k - a +2 dagger of speed
 r - a +0 blowgun
Missiles
 s - 4 curare-tipped needles
 u - 5 tomahawks (quivered)
Armour
 b - a +0 scale mail (worn)
 c - a +0 shield (worn)
 i - a +0 pair of boots (worn)
 t - a scarf of cold resistance (worn)
Jewellery
 h - a ring of wizardry (left hand)
 x - a ring of see invisible (right hand)
 y - an uncursed ring of ice
Wands
 d - a wand of polymorph (5/24)
 B - a wand of flame (22/48)
Scrolls
 f - 2 scrolls of magic mapping {unknown}
 g - a scroll of noise {unknown}
 m - 7 scrolls of identify {unknown}
 o - a scroll of remove curse {unknown}
 q - a scroll of enchant weapon {unknown}
 v - a scroll of recharging {unknown}
Potions
 l - a potion of mutation {unknown}
 n - 2 potions of heal wounds {unknown}
 p - a potion of magic {unknown}
 w - a potion of agility {unknown}
 z - a potion of curing {unknown}
 A - a potion of lignification {unknown}
 C - a potion of brilliance {unknown}
Comestibles
 e - 2 meat rations
 j - 2 royal jellies


   Skills:
 + Level 6.2(4.2) Fighting
 + Level 6.9(4.9) Short Blades
 + Level 4.6(2.6) Armour
 + Level 5.8(3.8) Dodging
 + Level 4.4(2.5) Shields


You had 8 spell levels left.
You didn't know any spells.

Dungeon Overview and Level Annotations

Branches:
Dungeon (6/15)             Temple (1/1) D:6

Altars:
Ashenzari
Cheibriados
Fedhas
Gozag
Hepliaklqana
Kikubaaqudgha
Makhleb
Nemelex Xobeh
Okawaru
Qazlal
Ru
Sif Muna
Trog
Uskayaw
Vehumet
Wu Jian
The Shining One

Annotations:
D:2 1 runed door


Innate Abilities, Weirdness & Mutations

You are small and have problems with some larger weapons.
You are carnivorous and can eat meat at any time.


Message History

That's the wrong kind of item! (Use * to select it.) That's the wrong kind of item! (Use * to select it.)
You don't have any such object.
Aim: a wight, wielding an enchanted halberd and wearing a robe (moderately damaged)
The puff of flame hits the wight.
Evoking this partially-identified wand wasted a few charges.
The wight hits you but does no damage.
That's the wrong kind of item! (Use * to select it.) That's the wrong kind of item! (Use * to select it.)
You don't have any such object.
Aim: a wight, wielding an enchanted halberd and wearing a robe (moderately damaged)
The puff of flame misses the wight.
The puff of flame hits the wight.
Evoking this partially-identified wand wasted a few charges.
The wight hits you with an enchanted halberd!
* * * LOW HITPOINT WARNING * * *
Aim: a wight, wielding an enchanted halberd and wearing a robe (moderately damaged)
The puff of flame hits the wight.
The wight appears unharmed.
Evoking this partially-identified wand wasted a few charges.
The wight hits you with an enchanted halberd!
You die...

# #..# #.##
##.#####
##......#
##.......#
#........#
##.......#
#........#
#@#.....## #.##
##z##..###
#....###.z##.##
#.......#####
#..###..# ##.##
##.# #.## #..#


You could see 2 wights.

Vanquished Creatures
  An ice beast (D:5)
  2 phantoms
  3 ogres (D:5)
  A wight (D:6)
  A crimson imp (D:5)
  A bullfrog zombie (D:5)
  A quasit (D:5)
  5 orc priests
  3 jellies
  3 hounds
  2 centaur skeletons
  An iguana (D:4)
  Natasha (D:3)
  4 orc wizards
  5 worker ants
  4 gnolls (D:4)
  4 adders
  7 oozes
  2 adder skeletons
  An adder zombie (D:5)
  A worm (D:2)
  5 dart slugs
  2 leopard geckos
  13 orcs
  A ball python (D:3)
  3 giant cockroaches
  11 goblins
  4 hobgoblins
  13 jackals
  6 kobolds
  4 quokkas
  7 bats
  2 frilled lizards (D:1)
  A jackal zombie (D:5)
  A quokka skeleton (D:5)
  15 rats
141 creatures vanquished.

Notes
Turn   | Place    | Note
-------+----------+-------------------------------------------
     0 | D:1      | kuniqs the Kobold Fighter began the quest for the Orb.
     0 | D:1      | Reached XP level 1. HP: 14/14 MP: 1/1
     1 | D:1      | Found a runed door.
    76 | D:1      | Reached XP level 2. HP: 17/19 MP: 2/2
   199 | D:1      | Reached skill level 1 in Dodging
   406 | D:1      | Reached XP level 3. HP: 23/23 MP: 3/3
   636 | D:1      | Reached XP level 4. HP: 15/29 MP: 4/4
  1380 | D:2      | Found a runed door.
  1622 | D:3      | Reached XP level 5. HP: 32/33 MP: 5/5
  1793 | D:3      | Found a bloodstained altar of Trog.
  2232 | D:3      | Noticed Natasha
  2242 | D:3      | Reached XP level 6. HP: 32/38 MP: 6/6
  2246 | D:3      | Killed Natasha
  2358 | D:3      | Found a snail-covered altar of Cheibriados.
  2358 | D:3      | Found a glowing golden altar of the Shining One.
  2487 | D:4      | Noticed a phantom
  2622 | D:4      | Killed a phantom
  2653 | D:4      | Reached XP level 7. HP: 24/44 MP: 7/7
  3614 | D:4      | Reached skill level 5 in Short Blades
  3791 | D:4      | Reached skill level 5 in Fighting
  4262 | D:4      | Reached XP level 8. HP: 19/49 MP: 8/8
  4475 | D:5      | Entered Level 5 of the Dungeon
  5624 | D:5      | Reached skill level 5 in Dodging
  6669 | D:5      | Reached XP level 9. HP: 46/55 MP: 9/9
  7063 | D:6      | Found a staircase to the Ecumenical Temple.
  7069 | Temple   | Entered the Ecumenical Temple
  7076 | Temple   | Became a worshipper of the Wu Jian Council
  7313 | D:6      | Slain by a wight

Vault maps used:
D:1:      dpeg_arrival_caged_fury, serial_aquarium, aquarium_bridge_square,
          aquarium_bridge_long_separate, aquarium_window_corner,
          aquarium_window_fake, aquarium_window_fake, aquarium_view_2b,
          aquarium_view_2b, aquarium_balcony_double_1
D:2:      first_bread, uniq_crazy_yiuf_cottage
D:3:      gammafunk_temple_overflow_statue, roderic_serpentine_path,
          bloody_trog, uniq_natasha
D:5:      kennysheep_big_flooded_room, minmay_misc_feat_cross,
          kennysheep_generic_room_10
D:6:      kennysheep_ying_yang, minmay_temple_entry_hall
Temple:   nicolae_temple_no_exploring_needed

Skill      XL: |  1  2  3  4  5  6  7  8 |
---------------+-------------------------+-----
Dodging        | 1 2 3 4 5 |  5.8
Short Blades   | 3 4 5 6 |  6.9
Fighting       | 4 5 6 |  6.2
Armour         | 3 4 |  4.6
Shields        | 3 4 |  4.4

Action                   |  1- 3 |  4- 6 |  7- 9 || total
-------------------------+-------+-------+-------++-------
Melee: Rapier            |    51 |   205 |   489 ||   745
       Dagger            |    58 |    50 |       ||   108
Throw: Tomahawk          |       |       |     5 ||     5
Evoke: Wand              |       |       |     5 ||     5
  Use: Potion            |       |       |     2 ||     2
  Eat: Chunk             |     7 |     7 |    15 ||    29
Armor: Scale mail        |    31 |    64 |   102 ||   197
Dodge: Dodged            |    32 |    90 |   181 ||   303
Block: Shield            |    34 |   100 |   176 ||   310
